 Dungeon Crawl Stone Soup version 0.30-a0-634-g8abc85282e (webtiles) character file.

Game seed: 14555818641938064761

248672 voltaire321 the Fighter (level 19, 0/152 HPs)
             Began as a Demonspawn Ice Elementalist on Jan 14, 2023.
             Was the Champion of Qazlal.
             Slain by the 27-headed Lernaean hydra (5 damage)
             ... on level 4 of the Swamp on Jan 15, 2023.
             The game lasted 03:03:20 (41102 turns).

voltaire321 the Fighter (DsIE)                     Turns: 41102, Time: 03:03:20

Health: 0/152      AC: 41    Str: 25    XL:     19   Next: 25%
Magic:  32/32      EV: 19    Int: 19    God:    Qazlal [******]
Gold:   2468       SH: 13    Dex: 13    Spells: 23/37 levels left

rFire   . . .      SeeInvis .    y - +4 broad axe (protect)
rCold   . . .      Faith    .    (no shield)
rNeg    . . .      Spirit   .    G - +2 chain mail {rPois}
rPois   +          Reflect  +    c - +2 helmet
rElec   .          Harm     .    U - +1 cloak of Impatience {Will+}
rCorr   .          Rampage  .    (gloves unavailable)
Will    +++..                    I - +2 pair of boots Stlth
                                 z - amulet of reflection
HPRegen 0.45/turn                s - +4 ring of protection
MPRegen 0.23/turn                S - ring of Demons {Will+ EV+5 Str+8}

@: about to teleport, protected from physical damage, under a protective aura,
repel missiles
A: yellow scales 2, ignite blood 2, spiny 2, demonic touch 3, strong 1
}: 1/15 runes: gossamer
a: Renounce Religion, Upheaval, Elemental Force, Disaster Area


You were on level 4 of the Swamp.
You worshipped Qazlal.
Qazlal was exalted by your worship.
You visited 7 branches of the dungeon, and saw 34 of its levels.
You also visited: Ossuary and Volcano.

You collected 3958 gold pieces.
You spent 1490 gold pieces at shops.

Inventory:

Hand Weapons
 y - a +4 broad axe of protection (weapon)
 B - a +5 war axe of venom
 L - the +4 glaive of Vytargh {freeze, rF+}
   (You found it on level 1 of the Lair of Beasts)

   rF:        It protects you from fire.
Missiles
 R - 15 curare-tipped darts (quivered)
Armour
 b - +2 fire dragon scales
 c - a +2 helmet (worn)
 l - a +2 chain mail of cold resistance
 D - +0 acid dragon scales
 G - a +2 chain mail of poison resistance (worn)
 I - a +2 pair of boots (worn)
 P - the +3 hat of Pondering {ponderous, Will+ MP+10 Int+5}
   (You found it on level 3 of the Elven Halls)

   Int:       It affects your intelligence (+5).
   MP:        It affects your magic capacity (+10).
   Will:      It increases your willpower.
 U - the +1 cloak of Impatience (worn) {Will+}
   (You bought it in a shop on level 1 of the Elven Halls)

   Will:      It increases your willpower.
Jewellery
 k - the ring "Feqod" {*Corrode rElec Str+2 Int+6 Dex+2}
   (You took it off a deep elf demonologist on level 3 of the Elven Halls)

   [ring of intelligence]

   Str:       It affects your strength (+2).
   Int:       It affects your intelligence (+6).
   Dex:       It affects your dexterity (+2).
   rElec:     It insulates you from electricity.
   *Corrode:  It may corrode you when you take damage.
 s - a +4 ring of protection (left hand)
 t - an amulet of the acrobat
 v - a +6 ring of strength
 x - the ring of Kaehafaz {*Corrode +Blink rElec rPois Int+3 Dex+6}
   (You took it off a deep elf elementalist on level 3 of the Elven Halls)

   [ring of dexterity]

   Int:       It affects your intelligence (+3).
   Dex:       It affects your dexterity (+6).
   rElec:     It insulates you from electricity.
   rPois:     It protects you from poison.
   +Blink:    It lets you blink.
   *Corrode:  It may corrode you when you take damage.
 z - an amulet of reflection (around neck)
 N - a ring of poison resistance
 S - the ring of Demons (right hand) {Will+ EV+5 Str+8}
   (You bought it in a shop on level 2 of the Orcish Mines)

   [ring of evasion]

   EV:        It affects your evasion (+5).
   Str:       It affects your strength (+8).
   Will:      It increases your willpower.
 W - a +5 ring of evasion
 Y - an amulet of regeneration
Wands
 f - a wand of iceblast (15)
 q - a wand of digging (4)
 C - a wand of light (9)
 E - a wand of flame (64)
 M - a wand of charming (26)
 Q - a wand of mindburst (20)
 T - a wand of polymorph (7)
Scrolls
 a - 4 scrolls of silence
 h - 4 scrolls of fear
 i - 7 scrolls of fog
 n - 6 scrolls of poison
 w - 23 scrolls of identify
 H - 8 scrolls of amnesia
 J - 4 scrolls of magic mapping
 V - a scroll of teleportation
 X - a scroll of brand weapon
 Z - a scroll of summoning
Potions
 d - 2 potions of invisibility
 e - 4 potions of brilliance
 g - 5 potions of curing
 j - 9 potions of ambrosia
 m - 5 potions of mutation
 o - 5 potions of flight
 p - a potion of magic
 r - 6 potions of lignification
 u - 3 potions of cancellation
 A - 6 potions of haste
 F - 6 potions of might
 O - 4 potions of berserk rage
Miscellaneous
 K - a phantom mirror


   Skills:
 + Level 14.2 Fighting
 + Level 12.4 Axes
 + Level 13.0 Armour
 + Level 13.3 Dodging
 - Level 1.7 Stealth
 + Level 9.5 Spellcasting
 * Level 10.0 Translocations
 - Level 12.0 Ice Magic
 - Level 14.0 Invocations
 + Level 9.4 Evocations


You had 23 spell levels left.
You knew the following spells:

 Your Spells              Type           Power      Damage    Failure   Level
a - Freeze                Ice            100%       1d10      1%          1
b - Frozen Ramparts       Ice            100%       1d16      1%          3
c - Ozocubu's Armour      Ice            53%        N/A       1%          3
d - Hailstorm             Conj/Ice       31%        3d8       9%          3
e - Manifold Assault      Tloc           47%        N/A       5%          4

Your spell library contained the following spells:

 Spells                   Type           Power      Damage    Failure   Level
 Apportation              Tloc           94%        N/A       1%          1
 Gell's Gravitas          Tloc           47%        N/A       1%          3
 Lesser Beckoning         Tloc           94%        N/A       1%          3
 Teleport Other           Tloc           47%        N/A       1%          3
 Kindle Blastsparks       Fire/Tloc/Air  42%        2d13      26%         3
 Summon Ice Beast         Ice/Summ       31%        N/A       28%         4
 Beastly Appendage        Tmut           18%        N/A       34%         1
 Kiss of Death            Conj/Necr      36%        2d8       34%         1
 Necrotise                Necr           36%        1d5       34%         1
 Summon Small Mammal      Summ           36%        N/A       34%         1
 Iskenderun's Mystic Bla  Conj/Tloc      28%        2d7       38%         4
 Wereblood                Tmut           9%         N/A       45%         2
 Dispersal                Tloc           23%        N/A       63%         6
 Confusing Touch          Hex            9%         N/A       71%         3
 Spider Form              Tmut/Pois      9%         N/A       71%         3
 Summon Guardian Golem    Hex/Summ       9%         N/A       71%         3
 Airstrike                Air            4%         2d(1-17)  98%         4
 Animate Dead             Necr           9%         N/A       98%         4
 Dispel Undead            Necr           9%         3d8       98%         4
 Fulminant Prism          Conj/Hex       4%         3d5       98%         4
 Leda's Liquefaction      Hex/Erth       4%         N/A       98%         4
 Summon Lightning Spire   Summ/Air       9%         N/A       98%         4
 Lee's Rapid Deconstruct  Erth           4%         3d5*      100%        5
 Lightning Bolt           Conj/Air       4%         1d16      100%        5
 Statue Form              Tmut/Erth      6%         N/A       100%        6
 Haunt                    Necr/Summ      4%         N/A       100%        7
 Orb of Destruction       Conj           4%         9d5       100%        7
 Spellforged Servitor     Conj/Summ      4%         N/A       100%        7
 Disjunction              Tloc           23%        N/A       100%        8
 Infestation              Necr           4%         N/A       100%        8


Dungeon Overview and Level Annotations

Branches:
Dungeon (15/15)            Temple (1/1) D:6            Lair (5/5) D:10
  Swamp (4/4) Lair:2       Spider (4/4) Lair:3        Slime (0/5) Lair:5
    Orc (2/2) D:9             Elf (3/3) Orc:2        Vaults (0/5) D:13
 Depths (0/4) D:15        Ossuary (visited)         Volcano (visited)

Altars:
Ashenzari
Cheibriados
Dithmenos
Fedhas
Gozag
Hepliaklqana
Kikubaaqudgha
Makhleb
Nemelex Xobeh
Okawaru
Qazlal
Ru
Sif Muna
Trog
Uskayaw
Vehumet
Wu Jian
Xom
Yredelemnul
Jiyva

Shops:
D:7 *   D:11 (   D:12 [   Orc:2 [*(=   Elf:1 [*[

Annotations:
Lair:3 1 runed translucent door, exclusion: oklob plant
Swamp:4 Lernaean hydra
Elf:1 exclusion: orange crystal statue
Elf:2 3 runed translucent doors, Agnes


Innate Abilities, Weirdness & Mutations

You are mostly covered in yellow scales. (AC +3)
Your demonic aura often causes spilled blood to erupt in flames.
You are mostly covered in sharp spines.
Your touch may irresistibly damage your foes and sap their willpower.
Your muscles are strong. (Str +4, Int/Dex -1)


Message History

The eight-headed hydra misses you. x2; The eight-headed hydra bites you.
* * * LOW HITPOINT WARNING * * *
You feel more protected from physical attacks.
The eight-headed hydra bites you but does no damage.
A swamp drake, an eight-headed hydra and a swamp dragon come into view.
Okay, then.
As you read the scroll of fear, it crumbles to dust.
You assume a fearsome visage.
The eight-headed hydra looks frightened!
The 27-headed Lernaean hydra easily resists.
The swamp drake looks frightened!
The eight-headed hydra looks frightened!
The swamp dragon easily resists.
The eight-headed hydra looks frightened!
The nine-headed hydra easily resists.
The swamp dragon looks frightened!
The nine-headed hydra looks frightened!
You hear a roar!
The nine-headed hydra closely misses you.
You block the nine-headed hydra's attack.
The nine-headed hydra bites you but does no damage.
You block the nine-headed hydra's attack.
The nine-headed hydra misses you.
The nine-headed hydra bites you but does no damage.
The nine-headed hydra barely misses you.
You block the nine-headed hydra's attack.
The nine-headed hydra misses you.
As you read the scroll of teleportation, it crumbles to dust.
You feel strangely unstable.
As you read the scroll of fear, it crumbles to dust.
You assume a fearsome visage.
The 27-headed Lernaean hydra resists with almost no effort.
The swamp dragon looks frightened!
The nine-headed hydra looks frightened!
The nine-headed hydra is no longer moving slowly.
A swamp drake comes into view.
A swamp dragon comes into view.
The 27-headed Lernaean hydra is struck by your spines.
The 27-headed Lernaean hydra bites you but does no damage.
The 27-headed Lernaean hydra completely misses you.
You block the 27-headed Lernaean hydra's attack. x2
The 27-headed Lernaean hydra bites you.
You die...

.§..~~~~~~.....~~...)#~......♣
..~..~~~~~~..~.(~.k..kD~......
.~~.~.~~~~.♣....~~~†..♣♣♣♣♣.~~
.....~..~.~♣♣§<~..~..♣♣ ~~
..~~~.~~~...~♣♣~...D♣♣ ~
...~~~~~~~~~.~♣~.♣D♣
....^.~~~~.~~~D°~~D♣
~~~..~~~~~.~~..[D☼§♣♣♣
~~...~~~~~~~~.○.@♣~<.♣
.~♣.~~~~~~~~.§§§○[..♣♣^~
§....~~~.~~..§~~○~☼~~~~~§
~.~.♣.<♣....~.~~~.~~~~~~.
♣~.♣♣♣♣♣♣♣.♣♣♣~.....~~~~~ ♣♣♣♣
♣♣♣ ♣♣♣♣♣♣§~~~.~ ♣..♣~~ ♣♣♣ .


You could see the 27-headed Lernaean hydra, 2 nine-headed hydras, an
eight-headed hydra (fleeing, slow), 2 swamp dragons and 2 swamp drakes.

Vanquished Creatures
  Mara (Elf:3)
  Saint Roka (Orc:2)
  Nikola (Swamp:4)
  Arachne (Spider:2)
  Zenata (Elf:3)
  A deep elf blademaster (Elf:3)
  2 deep elf master archers (Elf:3)
  A thorn hunter (Swamp:1)
  2 sphinxes
  Kirke (Spider:2)
  Donald (Orc:2)
  2 fenstrider witches
  4 deep elf sorcerers
  5 emperor scorpions
  3 ghost moths
  4 deep elf elementalists (Elf:3)
  5 broodmothers
  An orc warlord (Orc:2)
  An eleionoma (Swamp:2)
  4 deep elf demonologists (Elf:3)
  10 deep elf annihilators
  Nessos (Lair:4)
  5 bunyips
  An ettin (Orc:1)
  5 deep elf death magi
  Snorg (D:11)
  3 fire dragons
  3 entropy weavers
  A yaktaur captain (D:13)
  6 deep elf high priests (Elf:3)
  17 hydras
  Fannar (D:12)
  A spriggan air mage (Swamp:4)
  2 jorogumos
  A ghost crab (Swamp:2)
  2 ogre magi (D:15)
  3 catoblepae
  A hell beast (Elf:1)
  3 boulder beetles
  3 centaur warriors
  4 radroaches
  8 two-headed ogres
  16 dancing weapons
  6 alligators
  A deep troll shaman (Lair:5)
  5 death yaks (Lair:5)
  5 orc high priests
  15 deep elf knights
  Amaemon (D:9)
  A sun moth (Spider:3)
  4 pharaoh ants
  5 goliath frogs
  8 skeletal warriors (D:15)
  10 orb spiders
  3 spriggan druids
  4 lindwurms
  2 bog bodies
  2 wizards (Elf:1)
  Pikel (D:6)
  20 deep elf archers
  4 orc knights
  5 swamp dragons
  8 steelbarb worms
  34 deep elf zephyrmancers
  A harpy (Elf:2)
  A necromancer (D:15)
  An oklob plant (Swamp:2)
  A wolf spider zombie (D:15)
  26 deep elf pyromancers
  10 wolf spiders
  10 ugly things
  9 orc sorcerers
  5 cyclopes
  6 manticores
  3 moths of wrath
  18 elephants
  A naga mage (D:15)
  A water nymph (shapeshifter) (Elf:3)
  3 black mambas
  2 smoke demons (Volcano)
  3 torpor snails
  2 centaur skeletons (D:15)
  A gargoyle (D:12)
  5 demonic crawlers
  An orange demon (D:9)
  12 cane toads
  A rime drake (shapeshifter) (D:15)
  7 rime drakes
  Maggie (D:7)
  3 komodo dragons
  2 freezing wraiths (Swamp:1)
  2 yaktaurs (D:13)
  A merfolk (shapeshifter) (Elf:2)
  A tengu conjurer (D:14)
  7 trolls
  15 meliai
  3 polar bears
  7 tyrant leeches
  3 hornets
  A wolf spider simulacrum (D:15)
  15 blink frogs
  21 tarantellas
  7 dream sheep (Lair:2)
  3 slime creatures (D:14)
  20 jumping spiders
  4 spriggans
  A vampire (D:13)
  2 water elementals (Elf:1)
  Sigmund (D:6)
  6 air elementals
  3 shadows
  16 culicivoras
  5 wyverns
  41 yaks
  A fire elemental (Elf:2)
  3 hogs (Spider:2)
  2 wraiths
  15 vampire mosquitoes
  9 steam dragons
  8 basilisks
  18 redbacks
  4 wargs
  2 acid dragons
  14 swamp worms
  5 hell hounds
  12 water moccasins
  5 swamp drakes
  7 ice beasts
  7 black bears
  3 sky beasts
  37 orc warriors
  20 centaurs
  15 ogres
  19 wolves
  A lemure (D:6)
  A phantom (D:6)
  9 bullfrogs
  2 necrophages (D:6)
  A gnoll sergeant (D:12)
  2 scorpions (D:5)
  An earth elemental (Elf:2)
  14 killer bees
  3 howler monkeys
  A lava snake (D:15)
  5 jellies
  Crazy Yiuf (D:6)
  26 orc priests
  3 gnoll boudas
  A hound (D:5)
  Ijyb (D:4)
  Natasha (thrice) (D:2)
  4 iguanas
  34 orc wizards
  22 hell rats
  8 mummies (Ossuary)
  Robin (D:3)
  20 gnolls
  9 adders
  A shadow imp (D:5)
  3 ufetubi (D:5)
  3 worms
  A dart slug (D:1)
  86 orcs
  6 bats
  8 endoplasms
  2 giant cockroaches
  17 goblins
  8 hobgoblins
  4 jackals (D:1)
  4 quokkas
  6 ball pythons
  5 frilled lizards
  A gnoll zombie (Ossuary)
  2 hobgoblin zombies (Ossuary)
  2 kobolds (D:3)
  3 kobold zombies (Ossuary)
  2 orc zombies (Ossuary)
  8 rats
1156 creatures vanquished.

Vanquished Creatures (collateral kills)
  An orb spider (Spider:4)
  A torpor snail (Spider:4)
2 creatures vanquished.

Vanquished Creatures (others)
  A ghost moth (Spider:4)
  3 deep elf knights
  A goliath frog (Swamp:4)
  A deep elf zephyrmancer (Elf:3)
  2 deep elf pyromancers (Elf:2)
  A manticore (Elf:2)
  A centaur skeleton (D:15)
  6 bloated husks
  A hornet (Swamp:1)
  A boggart (Elf:1)
  31 fungi
  43 plants
  10 toadstools (Lair:3)
102 creatures vanquished.

Grand Total: 1260 creatures vanquished

Notes
Turn   | Place    | Note
-------+----------+-------------------------------------------
     0 | D:1      | voltaire321 the Demonspawn Ice Elementalist began the quest
                  | for the Orb.
     0 | D:1      | Reached XP level 1. HP: 13/13 MP: 3/3
   161 | D:1      | Gained mutation: Your touch may inflict minor irresistible
                  | damage on your foes. [demonic ancestry]
   161 | D:1      | Reached XP level 2. HP: 20/20 MP: 5/5
   710 | D:1      | Reached skill level 1 in Fighting
   729 | D:1      | Reached XP level 3. HP: 22/26 MP: 2/6
   891 | D:1      | Learned a level 3 spell: Frozen Ramparts
  1044 | D:2      | Reached skill level 1 in Armour
  1491 | D:2      | Noticed Natasha
  1529 | D:2      | Killed Natasha
  1530 | D:2      | Reached XP level 4. HP: 6/32 MP: 2/7
  1735 | D:2      | Noticed Natasha
  1758 | D:2      | Killed Natasha
  1792 | D:2      | Noticed Natasha
  1806 | D:2      | Killed Natasha
  1807 | D:2      | Gained mutation: Your demonic aura sometimes causes spilled
                  | blood to erupt in flames. [demonic ancestry]
  1807 | D:2      | Reached XP level 5. HP: 7/38 MP: 6/9
  2161 | D:3      | Noticed Robin
  2239 | D:3      | Killed Robin
  2417 | D:3      | Learned a level 3 spell: Ozocubu's Armour
  3123 | D:3      | Gained mutation: You are partially covered in sharp spines.
                  | [demonic ancestry]
  3123 | D:3      | Reached XP level 6. HP: 14/45 MP: 0/10
  3959 | D:4      | Noticed Ijyb
  3968 | D:4      | Killed Ijyb
  4169 | D:4      | You fall into a shaft and drop 3 floors!
  4169 | D:7      | Found Zin's Purification Station.
  4189 | D:6      | Noticed Sigmund
  4195 | D:6      | Reached XP level 7. HP: 24/52 MP: 10/12
  4199 | D:6      | Killed Sigmund
  4230 | D:6      | Found a staircase to the Ecumenical Temple.
  4230 | D:6      | Noticed Pikel
  4245 | D:5      | Entered Level 5 of the Dungeon
  4260 | D:5      | Reached skill level 5 in Ice Magic
  4412 | D:6      | Found a sand-covered staircase.
  4419 | Ossuary  | Entered an ossuary
  4479 | Ossuary  | Gained mutation: Your demonic aura often causes spilled
                  | blood to erupt in flames. [demonic ancestry]
  4479 | Ossuary  | Reached XP level 8. HP: 26/60 MP: 14/14
  4964 | D:5      | Found a shimmering blue altar of Sif Muna.
  5376 | D:5      | Found a shadowy altar of Dithmenos.
  6130 | D:6      | Reached skill level 1 in Axes
  6307 | D:6      | Reached skill level 5 in Fighting
  6307 | D:6      | Reached skill level 5 in Dodging
  6307 | D:6      | Reached skill level 5 in Spellcasting
  6324 | D:6      | Gained mutation: You are mostly covered in sharp spines.
                  | [demonic ancestry]
  6324 | D:6      | Reached XP level 9. HP: 67/68 MP: 16/16
  6444 | D:6      | Found a basalt altar of Yredelemnul.
  6565 | D:6      | Killed Pikel
  6576 | Temple   | Entered the Ecumenical Temple
  6691 | Temple   | Became a worshipper of Qazlal Stormbringer
  6731 | D:6      | Reached skill level 5 in Armour
  6894 | D:6      | Found a runed translucent door.
  6895 | D:6      | Noticed Crazy Yiuf
  6901 | D:6      | Killed Crazy Yiuf
  6902 | D:6      | Reached skill level 1 in Invocations
  7191 | D:7      | Noticed Maggie
  7209 | D:7      | Killed Maggie
  7255 | D:7      | Reached XP level 10. HP: 27/76 MP: 10/17
  7501 | D:7      | Found a radiant altar of Vehumet.
  7643 | D:7      | Found an ornate altar of the Wu Jian Council.
  8122 | D:8      | Reached * piety under Qazlal
  8742 | D:9      | Found a staircase to the Orcish Mines.
  9124 | D:9      | Noticed Amaemon
  9130 | D:9      | Killed Amaemon
  9135 | D:9      | Noticed an orange demon
  9150 | D:9      | Killed an orange demon
  9720 | D:10     | Entered Level 10 of the Dungeon
  9990 | D:10     | Found a staircase to the Lair.
 10008 | D:10     | Reached skill level 5 in Invocations
 10300 | D:10     | Found a sparkling altar of Nemelex Xobeh.
 10499 | D:10     | Found an ancient bone altar of Kikubaaqudgha.
 10501 | D:10     | Found a shimmering altar of Xom.
 10541 | D:10     | Reached ** piety under Qazlal
 11020 | D:10     | Upgraded the game from 0.30-a0-632-g346586fe48 to
                  | 0.30-a0-634-g8abc85282e
 11021 | Lair:1   | Entered Level 1 of the Lair of Beasts
 11043 | Lair:1   | Gained mutation: You are partially covered in yellow
                  | scales. (AC +2) [demonic ancestry]
 11043 | Lair:1   | Reached XP level 11. HP: 83/84 MP: 12/19
 11156 | Lair:1   | Found a dark tunnel.
 11162 | Volcano  | Entered a volcano
 11225 | Volcano  | Noticed a lindwurm
 11234 | Volcano  | Killed a lindwurm
 11239 | Volcano  | Reached skill level 5 in Axes
 11446 | Volcano  | Noticed a lindwurm
 11450 | Volcano  | Noticed a lindwurm
 11455 | Volcano  | Killed a lindwurm
 11459 | Volcano  | Killed a lindwurm
 11467 | Volcano  | Noticed a fire dragon
 11478 | Volcano  | Killed a fire dragon
 11850 | Lair:1   | Identified the +4 glaive of Vytargh {freeze, rF+}
 11990 | Lair:1   | Noticed a four-headed hydra
 11997 | Lair:1   | Killed a six-headed hydra
 12034 | Lair:1   | Reached *** piety under Qazlal
 12326 | Lair:1   | Learned a level 3 spell: Hailstorm
 12350 | Lair:2   | Reached XP level 12. HP: 94/94 MP: 15/21
 12831 | Lair:2   | Found a staircase to the Swamp.
 13148 | Lair:2   | You fall into a shaft and drop 1 floor!
 13201 | Lair:3   | Found a hole to the Spider Nest.
 13336 | Lair:3   | Noticed a five-headed hydra
 13343 | Lair:3   | Killed a seven-headed hydra
 13412 | Lair:3   | Noticed a dire elephant
 13432 | Lair:3   | Found a runed translucent door.
 14158 | Lair:4   | Reached **** piety under Qazlal
 14174 | Lair:4   | Noticed a catoblepas
 14185 | Lair:4   | Killed a catoblepas
 14195 | Lair:4   | Gained mutation: Your touch may inflict irresistible damage
                  | on your foes. [demonic ancestry]
 14195 | Lair:4   | Reached XP level 13. HP: 97/101 MP: 11/22
 14656 | Lair:4   | Noticed Nessos
 14670 | Lair:4   | Killed Nessos
 15552 | Lair:5   | Entered Level 5 of the Lair of Beasts
 15578 | Lair:5   | Reached skill level 10 in Invocations
 15916 | Lair:5   | Reached ***** piety under Qazlal
 15930 | Lair:5   | Reached skill level 10 in Fighting
 16085 | Lair:5   | Reached skill level 10 in Ice Magic
 16174 | Lair:5   | Found a viscous altar of Jiyva.
 16175 | Lair:5   | Found a staircase to the Slime Pits.
 16948 | Lair:2   | Reached XP level 14. HP: 111/111 MP: 23/23
 17556 | Orc:1    | Entered Level 1 of the Orcish Mines
 17612 | Orc:1    | Paralysed by an orc sorcerer for 3 turns
 18039 | Orc:1    | Found a shimmering blue altar of Sif Muna.
 18333 | Orc:2    | Entered Level 2 of the Orcish Mines
 18333 | Orc:2    | Noticed Saint Roka
 18373 | Orc:2    | Reached skill level 10 in Dodging
 18388 | Orc:2    | Killed Saint Roka
 18396 | Orc:2    | Noticed Donald
 18407 | Orc:2    | Killed Donald
 18671 | Orc:2    | Found a staircase to the Elven Halls.
 18840 | Orc:2    | Reached ****** piety under Qazlal
 18847 | Orc:2    | Noticed an orc warlord
 19036 | Orc:2    | Killed an orc warlord
 19049 | Orc:2    | Paralysed by an orc sorcerer for 4 turns
 19672 | Orc:2    | Found a bloodstained altar of Trog.
 19677 | Orc:2    | Reached skill level 10 in Armour
 19899 | Orc:2    | Paralysed by an orc sorcerer for 5 turns
 19924 | Orc:2    | Found Syall's General Store.
 19925 | Orc:2    | Found Vat Fuj's Jewellery Shoppe.
 19927 | Orc:2    | Found Kioteq's Antique Armour Emporium.
 19927 | Orc:2    | Found Asej's Antique Weapon Emporium.
 19994 | Orc:2    | Bought a scroll of teleportation for 39 gold pieces
 19995 | Orc:2    | Bought the ring of Demons {Will+ EV+5 Str+8} for 784 gold
                  | pieces
 20007 | Orc:2    | Bought a jewelled leather armour for 196 gold pieces
 20007 | Orc:2    | Identified the +1 leather armour of Midnight {Dex+4} (You
                  | bought it in a shop on level 2 of the Orcish Mines)
 20367 | D:11     | Noticed Snorg
 20378 | D:11     | Killed Snorg
 20479 | D:11     | Identified the +6 chain mail "Winluege" {rF- Int+2 Dex+4}
 20541 | D:11     | Found Plog's Antique Weapon Shoppe.
 20625 | D:11     | Reached skill level 1 in Evocations
 20893 | D:12     | Noticed Fannar
 20910 | D:12     | Killed Fannar
 21206 | D:12     | Found Izxeo's Armour Shop.
 21702 | D:13     | Found a gate to the Vaults.
 22333 | D:14     | Reached XP level 15. HP: 119/119 MP: 20/24
 23128 | D:14     | Identified the +3 scale mail of Modesty {Dex+4}
 23226 | D:15     | Entered Level 15 of the Dungeon
 23329 | D:15     | Found a staircase to the Depths.
 23533 | D:15     | Reached skill level 10 in Axes
 24059 | D:15     | Found a shimmering altar of Xom.
 24722 | Elf:1    | Entered Level 1 of the Elven Halls
 25264 | Swamp:1  | Entered Level 1 of the Swamp
 25264 | Swamp:1  | Noticed a thorn hunter
 25273 | Swamp:1  | Killed a thorn hunter
 25329 | Swamp:1  | Reached XP level 16. HP: 23/127 MP: 16/25
 25677 | Spider:1 | Entered Level 1 of the Spider Nest
 25690 | Spider:1 | Reached skill level 5 in Evocations
 25714 | Spider:1 | Learned a level 4 spell: Manifold Assault
 26213 | Spider:1 | Reached skill level 1 in Translocations
 26981 | Spider:2 | Noticed Arachne
 26998 | Spider:2 | Killed Arachne
 27042 | Spider:2 | Noticed Kirke
 27051 | Spider:2 | Killed Kirke
 29199 | Spider:3 | Gained mutation: Your muscles are strong. (Str +4, Int/Dex
                  | -1) [mutagenic glow]
 29672 | Spider:4 | Entered Level 4 of the Spider Nest
 30119 | Spider:4 | Reached skill level 5 in Translocations
 30368 | Spider:4 | Gained mutation: Your touch may irresistibly damage your
                  | foes and sap their willpower. [demonic ancestry]
 30368 | Spider:4 | Reached XP level 17. HP: 20/135 MP: 18/28
 30374 | Spider:4 | HP: 6/135 [emperor scorpion (3)]
 30374 | Spider:4 | HP: 1/135 [emperor scorpion (5)]
 31083 | Spider:4 | Got a gossamer rune of Zot
 31382 | Orc:2    | Bought a scroll of blinking for 97 gold pieces
 31618 | Elf:1    | Found Ijavich's General Store.
 31638 | Elf:1    | Bought a potion of heal wounds for 80 gold pieces
 31702 | Elf:1    | Found Figutoha's Antique Armour Boutique.
 31704 | Elf:1    | Found Vop Xid's Antique Armour Shop.
 31715 | Elf:1    | Bought a slimy cloak for 294 gold pieces
 31715 | Elf:1    | Identified the +1 cloak of Impatience {Will+} (You bought
                  | it in a shop on level 1 of the Elven Halls)
 32089 | Elf:1    | Paralysed by an air elemental for 1 turns
 32598 | Elf:1    | Identified the +2 shortbow of Welfare {drain, Int+4}
 34378 | Elf:2    | Reached XP level 18. HP: 132/144 MP: 26/30
 34605 | Elf:2    | Found a runed translucent gate.
 34606 | Elf:2    | Found a runed translucent gate.
 34606 | Elf:2    | Found a runed translucent gate.
 34824 | Elf:2    | Paralysed by an air elemental for 1 turns
 34829 | Elf:2    | Paralysed by an air elemental for 1 turns
 34893 | Elf:2    | Noticed Agnes
 34929 | Elf:3    | Entered Level 3 of the Elven Halls
 36571 | Elf:3    | Identified the ring "Feqod" {*Corrode rElec Str+2 Int+6
                  | Dex+2}
 36679 | Elf:3    | Noticed Zenata
 36695 | Elf:3    | Killed Zenata
 36882 | Elf:3    | Noticed Mara
 36885 | Elf:3    | Noticed voltaire321's illusion
 36905 | Elf:3    | Killed Mara
 37214 | Elf:3    | Identified the +8 arbalest "Enaeran" {speed, Dex+3}
 38090 | Elf:3    | Identified the +7 quarterstaff of Dithmenos's Grace {flame,
                  | Str+4}
 38090 | Elf:3    | Identified the ring of Kaehafaz {*Corrode +Blink rElec
                  | rPois Int+3 Dex+6}
 38116 | Elf:3    | Paralysed by an air elemental for 1 turns
 38121 | Elf:3    | Paralysed by an air elemental for 1 turns
 38159 | Elf:3    | Found the +3 hat of Pondering {ponderous, Will+ MP+10
                  | Int+5}
 38222 | Elf:3    | Identified the +11 shortbow of Wounding {speed, Fragile rC+
                  | Will++ Int+4}
 38227 | Elf:3    | Identified the +3 ring mail "Sakhip" {rCorr Str+3 Slay-5
                  | Stlth+}
 39696 | Swamp:2  | Gained mutation: You are mostly covered in yellow scales.
                  | (AC +3) [demonic ancestry]
 39696 | Swamp:2  | Reached XP level 19. HP: 152/152 MP: 32/32
 40576 | Swamp:4  | Entered Level 4 of the Swamp
 41073 | Swamp:4  | Noticed Nikola
 41078 | Swamp:4  | Reached skill level 10 in Translocations
 41084 | Swamp:4  | Killed Nikola
 41098 | Swamp:4  | HP: 7/152 [eight-headed hydra[a spriggan druid] (5)]
 41099 | Swamp:4  | Noticed the 27-headed Lernaean hydra
 41102 | Swamp:4  | Slain by the 27-headed Lernaean hydra

Illustrated notes

Levels and vault maps discovered:
D:1:      minmay_arrival_arboretum_large, layout_loops_ring,
          grunt_decor_arrowhead, minivault_27
D:2:      layout_basic, st_stairs_9, uniq_natasha
D:3:      layout_basic, hangedman_abyss_or_decor_stabs, nicolae_grassy_gnolls,
          uniq_robin
D:4:      layout_basic, uniq_ijyb
D:5:      minmay_razor_zed, layout_cave_pods,
          mainiacjoe_overflow_six_doors_small, kennysheep_mini_moat,
          minmay_misc_feat_tiny
D:6:      minmay_inner_zag, layout_layer_cave, overflow_temple_1_default,
          minmay_temple_entry_stoned_glass, enter_ossuary_1,
          minmay_misc_feat_encased, uniq_sigmund, uniq_crazy_yiuf_cottage,
          uniq_pikel
D:7:      layout_rooms, nzn_wu_jian_contemplation, zin_purify,
          vehumet_altar_wand_db, lemuel_flamethrower_2, uniq_maggie
D:8:      layout_loops_cross
D:9:      layout_loops_ring, erik_orc_3, uniq_amaemon
D:10:     layout_irregular_city, chequers_temple_overflow_statue_of_worship,
          mainiacjoe_overflow_boulevard, lair_entry_dummy
D:11:     layout_cave_pools, serial_shops, shop, uniq_snorg
D:12:     layout_irregular_city, serial_shops, shop, uniq_fannar
D:13:     layout_grid_maze, david_vaults_2
D:14:     layout_roguey [special_room_mythical_zoo], hangedman_decor_push,
          serial_bayou_pond_e
D:15:     grunt_enter_depths_magical_seal, layout_stronghold,
          kennysheep_flooded_box, xom_teletrap_fun
Temple:   hellmonk_temple_forest_ring
Lair:1:   layout_gridlike, enter_volcano_1
Lair:2:   layout_long_grid, swamp_mist, beast_lair_carwin_5
Lair:3:   gammafunk_lair_enchanted_lake, layout_loops_ring,
          hellmonk_spider_entry_not_the_bees, chequers_serial_rivers_small_3
Lair:4:   layout_cave_pods, uniq_nessos
Lair:5:   grunt_lair_end_beastmaster, layout_cave_pods, slime_entry_1,
          grunt_megastairs_1, serial_bayou_shore_a, lemuel_fruit_fields,
          infiniplex_staircase_pool_2
Swamp:1:  layout_basic_swamp, portal_ice_cave_entry_frozen_things,
          evilmike_swamp_ruin_wall, swamp_pool2, cheibrodos_swamp_witchery
Swamp:2:  layout_falls_marsh, nicolae_swamp_fairy_circle, swamp_pool2,
          nicolae_swamp_oklob_treasure_island
Swamp:3:  layout_basic_swamp, evilmike_swamp_ruin_house_6
Swamp:4:  swamp_old_school, layout_basic_swamp, swamp_pool1,
          nicolae_swamp_very_dense_foliage, uniq_nikola
Spider:1: layout_cave_pods, hangedman_spider_tarantella_strand
Spider:2: layout_chambers, uniq_arachne, uniq_kirke
Spider:3: layout_spider_delve
Spider:4: hellmonk_spider_rune_endless_swarm
Orc:1:    layout_caves, basic_altar, led_sif_book
Orc:2:    st_orc_congregation, layout_caves, basic_altar, uniq_donald,
          uniq_saint_roka
Elf:1:    minmay_elf_arrival_circle, layout_geoelf_grid, serial_shops,
          shop_fountains, hangedman_elf_disciples, minivault_26, minivault_16,
          hangedman_elf_represent, minmay_shoptagon
Elf:2:    nicolae_elf_blades_crystal_corner, layout_geoelf_octagon, special_room
          [special_room_mythical_zoo], uniq_aizul, uniq_agnes
Elf:3:    minmay_elf_hall_x, layout_loops_corners, uniq_zenata, uniq_mara

Skill      XL: |  1  2  3  4  5  6  7  8  9 10 11 12 13 14 15 16 17 18 19 |
---------------+----------------------------------------------------------+-----
Dodging        | 2 3 4 5 6 7 8 9 10 11 12 13 | 13.3
Fighting       | 1 2 3 5 6 7 8 9 10 11 12 13 14 | 14.2
Armour         | 1 2 3 4 5 6 7 8 9 10 11 12 13 | 13.0
Ice Magic      | 4 5 6 7 8 9 10 11 12 | 12.0
Spellcasting   | 3 4 5 6 7 8 9 |  9.5
Axes           | 1 3 4 6 7 8 9 10 11 12 | 12.4
Invocations    | 3 5 7 9 11 12 13 14 | 14.0
Evocations     | 1 4 6 7 9 |  9.4
Translocations | 5 7 9 10 | 10.0
Stealth        | |  1.7

Action                   |  1- 3 |  4- 6 |  7- 9 | 10-12 | 13-15 | 16-18 | 19-21 || total
-------------------------+-------+-------+-------+-------+-------+-------+-------++-------
Melee: Dagger            |    31 |    53 |    74 |       |       |       |       ||   158
       Unarmed           |     1 |       |       |       |       |       |       ||     1
       Touch             |     2 |     9 |    44 |    88 |   146 |   194 |    33 ||   516
       Punch             |       |     2 |     3 |     3 |    13 |    19 |     4 ||    44
       Broad axe         |       |       |   104 |   319 |   624 |  1014 |   150 ||  2211
 Cast: Freeze            |    65 |    76 |       |       |     1 |       |       ||   142
       Frozen Ramparts   |       |     1 |    13 |    55 |    86 |    83 |     2 ||   240
       Ozocubu's Armour  |       |       |     6 |    11 |    10 |    15 |     1 ||    43
       Hailstorm         |       |       |       |     1 |    27 |     1 |       ||    29
       Manifold Assault  |       |       |       |       |       |    37 |       ||    37
Invok: Upheaval          |       |       |       |       |     2 |    11 |       ||    13
       Elemental Force   |       |       |       |       |     1 |       |       ||     1
       Disaster Area     |       |       |       |       |       |     4 |       ||     4
Evoke: Wand              |       |     3 |     9 |    10 |    11 |    19 |     1 ||    53
  Use: Scroll            |       |     9 |     7 |    11 |    11 |    17 |     3 ||    58
       Potion            |       |       |     1 |     4 |     6 |    22 |       ||    33
 Stab: Sleeping          |     6 |     3 |     3 |       |       |       |       ||    12
       Distracted        |       |       |       |     1 |       |       |       ||     1
       Confused          |       |       |       |       |       |       |     1 ||     1
Armor: Robe              |     1 |       |       |       |       |       |       ||     1
       Leather armour    |     6 |    28 |    82 |     2 |       |       |       ||   118
       Acid dragon scale |       |       |       |   217 |   124 |   310 |       ||   651
       Chain mail        |       |       |       |       |   139 |   181 |   120 ||   440
Dodge: Dodged            |    31 |    81 |   167 |   281 |   413 |   826 |   180 ||  1979
       Repelled          |       |       |       |       |     3 |    27 |     3 ||    33
Block: Other             |       |       |       |   124 |   431 |   712 |   144 ||  1411
       Reflection        |       |       |       |     1 |    24 |    39 |       ||    64

Table legend: (Time is in decaauts)
 A = Elapsed time spent in this place.
 B = Non-inter-level travel time spent in this place.
 C = Inter-level travel time spent in this place.
 D = Time resting spent in this place.
 E = Time spent auto-exploring this place.
 F = Levels seen in this place.
 G = Mean time per level.
                   A        B        C        D        E       F      G
               +--------+--------+--------+--------+--------+-----+--------+
         Total |  41732 |  39646 |   2086 |   9306 |  20088 |  36 | 1159.2 |
       Dungeon |  15692 |  14803 |    889 |   2449 |   9115 |  15 | 1046.1 |
        Temple |    126 |    119 |      7 |      0 |    104 |   1 |  126.0 |
          Lair |   6723 |   6183 |    540 |    398 |   4422 |   5 | 1344.6 |
         Swamp |   2845 |   2819 |     26 |    289 |   1649 |   4 |  711.2 |
   Spider Nest |   5538 |   5367 |    171 |   1820 |   2229 |   4 | 1384.5 |
  Orcish Mines |   3153 |   2864 |    289 |   1028 |    859 |   2 | 1576.5 |
   Elven Halls |   6915 |   6753 |    162 |   3039 |   1571 |   3 | 2305.0 |
       Ossuary |    305 |    305 |      0 |     99 |    102 |   1 |  305.0 |
       Volcano |    431 |    431 |      0 |    184 |     37 |   1 |  431.0 |
               +--------+--------+--------+--------+--------+-----+--------+

Top non-repeatable levels by time:
   Elf:3: 2918 daAuts
   Elf:1: 2540 daAuts
   Orc:2: 2230 daAuts
Spider:3: 2011 daAuts
  Lair:2: 1751 daAuts
     D:9: 1635 daAuts
Spider:2: 1461 daAuts
   Elf:2: 1456 daAuts
  Lair:4: 1448 daAuts
    D:10: 1431 daAuts
     D:3: 1430 daAuts
  Lair:5: 1403 daAuts
     D:5: 1370 daAuts
    D:15: 1267 daAuts
     D:2: 1236 daAuts
